 Dungeon Crawl Stone Soup version 0.31-a0-188-g5e087ee2ca (webtiles) character file.

Game seed: 9223869876602086939

215 qw the Skirmisher (level 5, -1/29 HPs)
             Began as a Deep Elf Hunter on June 22, 2023.
             Constricted to death by Ijyb (3 damage)
             ... on level 4 of the Dungeon.
             The game lasted 00:01:22 (3215 turns).

qw the Skirmisher (Deep Elf Hunter)                 Turns: 3215, Time: 00:01:23

Health: -1/29      AC:  8    Str: 10    XL:     5   Next: 60%
Magic:  7/7        EV:  6    Int: 14    God:
Gold:   258        SH:  0    Dex: 18    Spells: 4/4 levels left

rFire   . . .        Y - +1 shortbow
rCold   + . .        (shield currently unavailable)
rNeg    . . .        c - +1 scale mail {rC+}
rPois   .            e - +0 helmet
rElec   .            (no cloak)
rCorr   +            (no gloves)
SInv    .            (no boots)
Will    .....        (no amulet)
Stlth   +            i - ring of resist corrosion
HPRegen 0.24/turn    (no ring)
MPRegen 0.10/turn

%: no passive effects
@: grasped by roots, constricted
A: no striking features
a: no special abilities


You were on level 4 of the Dungeon.
You visited 1 branch of the dungeon, and saw 4 of its levels.

You collected 258 gold pieces.


   Skills:
 - Level 1.5 Fighting
 - Level 9.0 Ranged Weapons
 + Level 0.7 Armour
 - Level 2.4 Dodging
 - Level 1.2 Stealth


You had 4 spell levels left.
You didn't know any spells.
Your spell library was empty.

Inventory:

Hand Weapons
 Y - a +1 shortbow (weapon)
Armour
 c - a +1 scale mail of cold resistance (worn)
 e - a +0 helmet (worn)
Jewellery
 i - a ring of resist corrosion (left hand)
Scrolls
 h - 2 scrolls of identify
 l - a scroll of teleportation {unknown}
Potions
 a - 4 potions of curing
 b - 2 potions of magic {unknown}
 d - a potion of haste
 f - a potion of resistance {unknown}
 g - a potion of brilliance {unknown}
 j - a potion of invisibility {unknown}
 k - 3 potions of mutation {unknown}

Dungeon Overview and Level Annotations

Branches:
Dungeon (4/15)
 Temple: D:4-7

Altars:
Gozag

Annotations:
D:4 Ijyb


Message History

Enter note:
Enter note:
3208 ||| Stepping ~*~*~tactically~*~*~ (outnumbered).
You see here a +0 sling.
Enter note:
Enter note:
Enter note:
Enter note:
Enter note:
Enter note:
Enter note:
Enter note:
Enter note:
Enter note:
Enter note:
Enter note: You shoot an arrow.
The arrow hits Ijyb.
Ijyb is lightly wounded.
Ijyb screams, "Me stronger than you!"
You shoot an arrow. The arrow barely misses Ijyb.
Ijyb hits you with a +6 club! The hobgoblin barely misses you.
You shoot an arrow. The arrow closely misses Ijyb.
Ijyb zaps a wand.
The roots erupt in riotous growth!
The grasping roots grab you!
The hobgoblin is unaffected.
Ijyb is unaffected.
The grasping roots constrict you.
The hobgoblin hits you but does no damage.
You hear a shout!
You shoot an arrow. The arrow barely misses Ijyb.
Ijyb hits you with a +6 club. The grasping roots constrict you.
The hobgoblin completely misses you. Ijyb hits you but does no damage.
The grasping roots constrict you. The hobgoblin closely misses you.
You shoot an arrow. The arrow hits Ijyb but does no damage.
Ijyb is lightly wounded.
Ijyb hits you with a +6 club. The grasping roots constrict you.
The hobgoblin barely misses you.
You shoot an arrow. The arrow hits Ijyb!
Ijyb is heavily wounded.
Ijyb hits you with a +6 club. The grasping roots constrict you.
You die...

.................................
~.~....~.~~.~~..)~.~~.~~~~~...~~~
~~).....~~~~~~~~~~~~~~~~~~~~~~~~~
~~~)...~~~~~~~~~~~~~~~~~~~~~~~~~~
~~~....~~~~~~~~~~~~~~~~~~~~~~~~~#
####''###########################
#....# ..g..g#.....## ##......#
#....# .....ggg)....###.......#
###....#########@..../.#........#
.#......#.....)).......#.........
.)......'.....)........'.........
.#......#....).........#.........
###....#########.......#........#
#....#......))......###.......#
#....#.....))#.....## ##....).#
#################### ######## #


You could see Ijyb, 2 hobgoblins and 2 goblins.

Vanquished Creatures
  Terence (D:3)
  Robin (D:2)
  An adder (D:2)
  3 gnolls
  A shadow imp (D:4)
  An ufetubus (D:4)
  A worm (D:2)
  An orc (D:4)
  A bat (D:3)
  8 endoplasms
  4 giant cockroaches
  38 goblins
  23 hobgoblins
  4 quokkas
  5 ball pythons
  2 frilled lizards (D:1)
  6 kobolds
  5 rats
106 creatures vanquished.

Notes
Turn   | Place    | Note
-------+----------+-------------------------------------------
     0 | D:1      | qw the Deep Elf Hunter began the quest for the Orb.
     0 | D:1      | Reached XP level 1. HP: 12/12 MP: 3/3
     0 | D:1      | 0 ||| qw: Version: 0.3-a-9-g12657ce
     0 | D:1      | 0 ||| qw: Game counter: 2878
     0 | D:1      | 0 ||| qw: Always use a shield: true
     0 | D:1      | 0 ||| qw: God list: Okawaru
     0 | D:1      | 0 ||| qw: Allow faded altars: false
     0 | D:1      | 0 ||| qw: Do Orc after D:15 true
     0 | D:1      | 0 ||| qw: Do second Lair branch before Depths: true
     0 | D:1      | 0 ||| qw: Lair rune preference: random
     0 | D:1      | 0 ||| qw: Plans: Normal
     0 | D:1      | 0 ||| PLANNING D:1-11
   382 | D:1      | Reached skill level 6 in Ranged Weapons
   382 | D:1      | Reached XP level 2. HP: 16/16 MP: 4/4
   648 | D:1      | 648 ||| UPGRADING to +0 ring mail.
   658 | D:1      | 658 ||| DROPPING +0 leather armour.
   659 | D:1      | 659 ||| DROPPING ring of magical power.
   660 | D:1      | 660 ||| READING scroll labelled FALOHO ORRIO.
   661 | D:1      | 661 ||| READING scroll labelled XIUSHAMM PEISIPN.
   662 | D:1      | 662 ||| READING scroll labelled FUBBOL XUAM BECHI.
   663 | D:1      | 663 ||| READING scroll labelled OGOXTE XURO.
   664 | D:1      | 664 ||| DROPPING scroll of butterflies.
   775 | D:2      | Reached XP level 3. HP: 20/20 MP: 5/5
   840 | D:2      | Noticed Robin
   856 | D:2      | Reached skill level 7 in Ranged Weapons
   860 | D:2      | Killed Robin
   870 | D:2      | HP: 4/20 [worm (2)]
   873 | D:2      | Reached XP level 4. HP: 6/25 MP: 6/6
   877 | D:2      | HP: 6/25 [goblin/+0 club[Robin] (1)]
  1438 | D:2      | 1438 ||| UPGRADING to +0 helmet.
  1443 | D:2      | 1443 ||| UPGRADING to ring of resist corrosion.
  1444 | D:2      | 1444 ||| READING 2 scrolls labelled FIHOEG QORUQ.
  1445 | D:2      | 1445 ||| READING scroll labelled YKOFOHUEPHU.
  1446 | D:2      | 1446 ||| READING scroll labelled DOSTAQOUKO.
  1447 | D:2      | 1447 ||| DROPPING scroll of fog.
  1594 | D:3      | Noticed Terence
  1601 | D:3      | Killed Terence
  1602 | D:3      | Reached skill level 8 in Ranged Weapons
  2004 | D:3      | 2004 ||| UPGRADING to +1 scale mail of cold resistance.
  2014 | D:3      | 2014 ||| DROPPING +0 ring mail.
  2015 | D:3      | 2015 ||| READING scroll labelled OTEJAA LOYKU BYEG.
  2016 | D:3      | 2016 ||| READING scroll labelled DIRGHE XYPYFREOTS.
  2017 | D:3      | 2017 ||| READING 3 scrolls of identify.
  2017 | D:3      | 2017 ||| IDENTIFYING fuming coppery potion
  2018 | D:3      | 2018 ||| READING 2 scrolls of identify.
  2018 | D:3      | 2018 ||| IDENTIFYING murky golden potion
  2049 | D:4      | 2049 ||| PLANNING SEWER
  2165 | D:4      | Found an opulent altar of Gozag.
  2278 | D:4      | 2278 ||| FLEEEEING.
  2279 | D:4      | 2279 ||| FLEEEEING.
  2280 | D:4      | 2280 ||| FLEEEEING.
  2288 | D:4      | 2288 ||| Stepping ~*~*~tactically~*~*~ (outnumbered).
  2448 | D:4      | Reached XP level 5. HP: 29/29 MP: 7/7
  2573 | D:4      | 2573 ||| Stepping ~*~*~tactically~*~*~ (water).
  2575 | D:4      | 2575 ||| Stepping ~*~*~tactically~*~*~ (water).
  2619 | D:4      | 2619 ||| FLEEEEING.
  2620 | D:4      | 2620 ||| FLEEEEING.
  2621 | D:4      | 2621 ||| FLEEEEING.
  2622 | D:4      | 2622 ||| FLEEEEING.
  2623 | D:4      | 2623 ||| FLEEEEING.
  2624 | D:4      | 2624 ||| FLEEEEING.
  2625 | D:4      | 2625 ||| FLEEEEING.
  2626 | D:4      | 2626 ||| FLEEEEING.
  2627 | D:4      | 2627 ||| FLEEEEING.
  2628 | D:4      | 2628 ||| FLEEEEING.
  2634 | D:4      | 2634 ||| Stepping ~*~*~tactically~*~*~ (water).
  2635 | D:4      | 2635 ||| FLEEEEING.
  2636 | D:4      | 2636 ||| FLEEEEING.
  2637 | D:4      | 2637 ||| FLEEEEING.
  2638 | D:4      | 2638 ||| FLEEEEING.
  2639 | D:4      | 2639 ||| FLEEEEING.
  2640 | D:4      | 2640 ||| FLEEEEING.
  2641 | D:4      | 2641 ||| FLEEEEING.
  2642 | D:4      | 2642 ||| FLEEEEING.
  2649 | D:4      | 2649 ||| RIP SEWER
  2650 | D:4      | 2650 ||| PLANNING D:1-11
  2975 | D:4      | HP: 5/29 [hobgoblin/+0 club (5)]
  2980 | D:4      | HP: 5/29 [goblin/+0 club (2)]
  3094 | D:4      | Reached skill level 9 in Ranged Weapons
  3207 | D:4      | Noticed Ijyb
  3208 | D:4      | 3208 ||| Stepping ~*~*~tactically~*~*~ (outnumbered).
  3214 | D:4      | HP: 6/29 [constriction (3)]
  3215 | D:4      | HP: 2/29 [Ijyb/+6 club (5)]
  3215 | D:4      | Constricted to death by Ijyb

Levels and vault maps discovered:
D:1:      eino_arrival_water_star, layout_loops_ring, chequers_mini_garden
D:2:      layout_basic, uniq_robin
D:3:      layout_loops_ring, uniq_terence
D:4:      minmay_goblin_kobold_castle, layout_loops_ring,
          mainiacjoe_overflow_brackets, gup_sewer_entry_bowl, uniq_ijyb

Skill      XL: |  1  2  3  4  5 |
---------------+----------------+-----
Ranged Weapons | 6 7 8 9 |  9.0
Fighting       | |  1.5
Armour         | |  0.7
Dodging        | |  2.4
Stealth        | |  1.2

Action                     |  1- 3 |  4- 6 || total
---------------------------+-------+-------++-------
   Fire: Shortbow          |    92 |   195 ||   287
    Use: Scroll            |     4 |     7 ||    11
 Armour: Ring mail         |    19 |     2 ||    21
         Leather armour    |     2 |       ||     2
         Scale mail        |       |    43 ||    43
  Dodge: Dodged            |    20 |    67 ||    87

Table legend:
 A = Non-vault XP
 B = Vault XP
 C = Vault XP percentage of total XP
 D = Non-vault monster count
 E = Vault monster count
 F = Vault count percentage of total count
                 A         B        C        D         E       F
            +---------+---------+-------+---------+---------+-------
      Total |     139 |     169 |  54.9 |      56 |      50 |  47.2
            +---------+---------+-------+---------+---------+-------
        D:1 |      37 |       0 |   0.0 |      15 |       0 |   0.0
        D:2 |      38 |      37 |  49.3 |      13 |      12 |  48.0
        D:3 |      20 |      36 |  64.3 |      12 |       1 |   7.7
        D:4 |      44 |      96 |  68.6 |      16 |      37 |  69.8
            +---------+---------+-------+---------+---------+-------
